 Dungeon Crawl Stone Soup version 0.23.0-28-g6fe0f4dc8b (webtiles) character file.

Game seed: 14336725897251592831

30 HolyGrifer the Caller (level 3, -3/19 HPs)
             Began as a Deep Elf Summoner on Feb 25, 2019.
             Slain by a kobold
             ... wielding a +0 club
              (4 damage)
             ... on level 2 of the Dungeon.
             The game lasted 00:05:27 (1187 turns).

HolyGrifer the Caller (Deep Elf Summoner)           Turns: 1187, Time: 00:05:28

Health: -3/19      AC:  2    Str:  5    XL:     3   Next: 3%
Magic:  5/10       EV: 13    Int: 20    God:
Gold:   63         SH:  0    Dex: 15    Spells: 8/9 levels left

rFire    . . .     SeeInvis .   (no weapon)
rCold    . . .     Gourm    .   (no shield)
rNeg     . . .     Faith    .   a - +0 robe
rPois    .         Spirit   .   (no helmet)
rElec    .         Reflect  .   (no cloak)
rCorr    .         Harm     .   (no gloves)
MR       .....                  (no boots)
Stlth    ++........             (no amulet)
HPRegen  0.06/turn              (no ring)
MPRegen  0.12/turn              (no ring)

@: no status effects
A: no striking features
a: no special abilities


You were on level 2 of the Dungeon.
You were hungry.

You visited 1 branch of the dungeon, and saw 2 of its levels.

You collected 63 gold pieces.

Inventory:

Armour
 a - a +0 robe (worn)
Scrolls
 b - 3 scrolls of teleportation {unknown}
 d - 3 scrolls of identify
 e - 2 scrolls of remove curse {unknown}
 f - a scroll of immolation {unknown}
Potions
 g - a potion of curing
 h - a potion of haste {unknown}
Comestibles
 c - 2 rations


   Skills:
 + Level 2.5 Dodging
 + Level 2.7 Stealth
 + Level 3.6 Spellcasting
 + Level 5.0 Summonings


You had 8 spell levels left.
You knew the following spells:

 Your Spells              Type           Power        Failure   Level  Hunger
a - Summon Small Mammal   Summ           ###.         1%          1    None

Your spell library contained the following spells:

 Spells                   Type           Power        Failure   Level  Hunger
 Call Imp                 Summ           ###.....     2%          2    ##.....
 Call Canine Familiar     Summ           ###.....     4%          3    ###....
 Summon Guardian Golem    Hex/Summ       ##......     14%         3    ###....
 Summon Ice Beast         Ice/Summ       ##......     43%         4    ####...
 Summon Lightning Spire   Summ/Air       ##......     43%         4    ####...


Dungeon Overview and Level Annotations

Branches:
Dungeon (2/15)

Altars:

Annotations:
D:2 Terence


Message History

Your quokka bites Terence but does no damage.
The adder closely misses you.
* * * LOW HITPOINT WARNING * * *
You feel sick.
Your quokka completely misses the adder.
The adder bites your quokka.
Your quokka is poisoned.
The adder poisons your quokka!
Your quokka barely misses Terence.
You feel better.
Your quokka dies!
Your quokka's corpse disappears in a puff of smoke!
The kobold hits you but does no damage. Terence hits you with a +0 flail.
* * * LOW HITPOINT WARNING * * *
Your quokka bites Terence but does no damage.
Casting: Summon Small Mammal (safe; 1% risk of failure)
Confirm with . or Enter, or press ? or * to list all spells.
The adder bites you.
* * * LOW HITPOINT WARNING * * *
The kobold hits you with a +0 club.
You die...

..##.###†#.#####. #.#
#...# #.# ##..# .#
#.####..# .# #.......#
.# #######..# .#
.........#####.#
#####....÷......# #.
.......K@.......# #.##
####..r@S...)...#
#...#+#####..r.........#
..................)....#
................)......#
...........†.....†.....#
.................#'###.#
.......!....######.###.#
............# #..##.#


You could see Terence, an adder, a kobold, a friendly quokka and a friendly rat.

Vanquished Creatures (collateral kills)
  A worm (D:2)
  3 dart slugs (D:1)
  A leopard gecko (D:2)
  4 giant cockroaches
  7 goblins
  A hobgoblin (D:2)
  6 jackals
  2 quokkas (D:2)
  4 bats
  3 frilled lizards (D:2)
  2 kobolds (D:1)
  3 rats
37 creatures vanquished.

Notes
Turn   | Place    | Note
-------+----------+-------------------------------------------
     0 | D:1      | HolyGrifer the Deep Elf Summoner began the quest for the
                  | Orb.
     0 | D:1      | Reached XP level 1. HP: 10/10 MP: 6/6
   145 | D:1      | Reached XP level 2. HP: 12/15 MP: 4/8
  1139 | D:2      | Reached skill level 5 in Summonings
  1140 | D:2      | Reached XP level 3. HP: 15/19 MP: 6/10
  1174 | D:2      | Noticed Terence
  1187 | D:2      | Slain by a kobold

Skill      XL: |  1  2 |
---------------+-------+-----
Summonings     | 5 |  5.0
Dodging        | |  2.5
Stealth        | |  2.7
Spellcasting   | |  3.6

Action                   || total
-------------------------++-------
Melee: Unarmed           ||     5
 Cast: Summon Small Mamm ||    63
  Use: Scroll            ||     2
       Potion            ||     1
Armor: Robe              ||    11
Dodge: Dodged            ||    38
